 Dungeon Crawl Stone Soup version 0.26.1-2-gb8aa6d0cf2 (webtiles) character file.

Game seed: 14520273430513335646

67 BOMJPIETVODKU the Skirmisher (level 3, -10/29 HPs)
             Began as a Demonspawn Fighter on Mar 4, 2021.
             Mangled by an ogre
             ... wielding a +0 giant club
              (18 damage)
             ... on level 2 of the Dungeon.
             The game lasted 00:05:57 (2293 turns).

BOMJPIETVODKU the Skirmisher (Demonspawn Fighter)   Turns: 2293, Time: 00:05:58

Health: -10/29     AC:  9    Str: 17    XL:     3   Next: 98%
Magic:  3/3        EV:  4    Int:  9    God:
Gold:   166        SH: 14    Dex: 12    Spells: 2/2 levels left

rFire    . . .     SeeInvis .   f - +0 short sword (speed)
rCold    . . .     Faith    .   c - +0 kite shield
rNeg     . . .     Spirit   .   r - +0 chain mail (curse)
rPois    .         Reflect  +   (helmet restricted)
rElec    .         Harm     .   (no cloak)
rCorr    .         Rampage  .   (no gloves)
Will     .....                  (no boots)
Stlth    ..........             o - amulet of reflection
HPRegen  0.09/turn              (no ring)
MPRegen  0.08/turn              (no ring)

@: mighty
A: horns 1, powered by death 1
a: no special abilities


You were on level 2 of the Dungeon.
You visited 1 branch of the dungeon, and saw 3 of its levels.

You collected 166 gold pieces.

Inventory:

Hand Weapons
 a - a +0 long sword
 f - a +0 short sword of speed (weapon)
Armour
 b - a +0 scale mail
 c - a +0 kite shield (worn)
 r - a cursed +0 chain mail (worn)
Jewellery
 o - an amulet of reflection (around neck)
Scrolls
 e - 2 scrolls of amnesia {unknown}
 g - 2 scrolls of noise {unknown}
 h - a scroll of teleportation {unknown}
 l - a scroll of random uselessness {unknown}
 m - a scroll of blinking {unknown}
 n - a scroll of remove curse {unknown}
 p - 2 scrolls of identify {unknown}
 q - a scroll of enchant armour {unknown}
 s - a scroll of fog {unknown}
Potions
 i - a potion of heal wounds {unknown}
 j - a potion of lignification {unknown}
 k - 2 potions of haste {unknown}


   Skills:
 + Level 3.4 Fighting
 * Level 2.4 Long Blades
 + Level 3.0 Armour
 + Level 3.1 Shields
 * Level 1.1 Unarmed Combat


You had 2 spell levels left.
You didn't know any spells.
Your spell library was empty.

Dungeon Overview and Level Annotations

Branches:
Dungeon (3/15)

Altars:


Innate Abilities, Weirdness & Mutations

You have a pair of small horns on your head.
You regenerate a little health from kills.


Message History

The ogre is moderately wounded.
You see here a jackal corpse.
You see here a quokka corpse.
There is a stone staircase leading up here.
You block the ogre's attack.
You climb upwards.
There is a stone staircase leading down here.
You barely miss the ogre. You headbutt the ogre.
The ogre is lightly wounded.
The ogre hits you with a +0 giant club!
* * * LOW HITPOINT WARNING * * *
You hit the ogre.
The ogre is moderately wounded.
You block the ogre's attack.
You feel very mighty all of a sudden.
You puncture the ogre!
The ogre is heavily wounded.
The ogre hits you with a +0 giant club!!
Ouch! That really hurt!
You die...

#####
######...############
†............)..@O..#
#####
######.÷.##########.#
#...## ##...##
#######.## #.....
#.....# #........#
#...## ##...##
#.#####..# ##.##
##.## #.# #..# #.#
#.# #.# ###..# #.#
#.# #.# #....# #.#
##'## #.# #.#..#
#####.#


You could see an ogre.

Vanquished Creatures
  2 adders (D:2)
  A worm (D:2)
  A leopard gecko (D:2)
  An orc (D:3)
  2 giant cockroaches
  3 goblins (D:2)
  7 hobgoblins
  2 jackals (D:3)
  3 quokkas
  A ball python (D:2)
  8 bats
  5 frilled lizards
  7 kobolds
43 creatures vanquished.

Notes
Turn   | Place    | Note
-------+----------+-------------------------------------------
     0 | D:1      | BOMJPIETVODKU the Demonspawn Fighter began the quest for
                  | the Orb.
     0 | D:1      | Reached XP level 1. HP: 18/18 MP: 1/1
   497 | D:1      | Gained mutation: You regenerate a little health from kills.
                  | [demonic ancestry]
   497 | D:1      | Reached XP level 2. HP: 24/24 MP: 2/2
  1430 | D:2      | Gained mutation: You have a pair of small horns on your
                  | head. [demonic ancestry]
  1430 | D:2      | Reached XP level 3. HP: 25/29 MP: 3/3
  2090 | D:3      | Reached skill level 1 in Unarmed Combat
  2182 | D:3      | Noticed an ogre
  2293 | D:2      | Mangled by an ogre

Illustrated notes

Levels and vault maps discovered:
D:1:      lightli_arrival_noodles, layout_loops_ring, minmay_misc_feat_hallway,
          kennysheep_another_room
D:2:      layout_loops_corners
D:3:      layout_basic, nicolae_ru_path_of_blood, minmay_large_rounded_square,
          corexii_hall_statues_x

Skill      XL: |  1  2  3 |
---------------+----------+-----
Long Blades    | 2 |  2.4
Shields        | 3 |  3.1
Armour         | 3 |  3.0
Unarmed Combat | 1 |  1.1
Fighting       | |  3.4

Action                   || total
-------------------------++-------
Melee: Short sword       ||   192
       Long sword        ||    21
       Headbutt          ||    10
  Use: Potion            ||     1
Armor: Scale mail        ||    74
       Chain mail        ||    10
Dodge: Dodged            ||    41
Block: Kite shield       ||   117
       Reflection        ||     1
       Rpst.: Long sword ||     2
